 Dungeon Crawl Stone Soup version 0.18.1-48-g4cf74bf (console) character file.

87 Kloppie the Skirmisher (level 4, -1/40 HPs)
             Began as a Minotaur Skald on July 8, 2016.
             Slain by Wardy2's ghost (8 damage)
             ... on level 3 of the Dungeon.
             The game lasted 00:02:46 (2188 turns).

Kloppie the Skirmisher (Minotaur Skald)             Turns: 2188, Time: 00:02:47

Health: -1/40      AC:  9    Str: 16    XL:     4   Next: 28%
Magic:  5/5        EV:  2    Int:  9    God:
Gold:   98         SH:  0    Dex: 11    Spells: 1 memorised, 4 levels left

rFire  . . .     SeeInvis .     a - +0 mace
rCold  . . .     Gourm    .     f - +0 chain mail
rNeg   . . .     Faith    .     (no shield)
rPois  .         Spirit   .     (helmet restricted)
rElec  .         Dismiss  .     (no cloak)
rCorr  .         Reflect  .     (no gloves)
SustAt .         Harm     .     (no boots)
MR     .....                    (no amulet)
Stlth  ..........               (no ring)
                                (no ring)

@: not resistant to hostile enchantments, extremely unstealthy
A: retaliatory headbutt, horns 2
a: no special abilities


You were on level 3 of the Dungeon.
You were not hungry.

You visited 1 branch of the dungeon, and saw 3 of its levels.

You collected 98 gold pieces.

Inventory:

Hand Weapons
 a - a +0 mace (weapon)
Armour
 f - a +0 chain mail (worn)
Scrolls
 e - a scroll of random uselessness {unknown}
 i - 2 scrolls of identify {unknown}
 j - a scroll of immolation {unknown}
 l - a scroll of recharging {unknown}
Potions
 g - a potion of degeneration {unknown}
 k - a potion of cure mutation {unknown}
 m - a potion of flight {unknown}
 o - a potion of agility {unknown}
Books
 c - a book of Battle

   Spells                             Type                      Level
   a - Infusion                       Charms                       1
   b - Shroud of Golubria             Charms/Translocation         2
   c - Song of Slaying                Charms                       2
   d - Spectral Weapon                Hexes/Charms                 3
   e - Regeneration                   Charms/Necromancy            3
Comestibles
 b - 3 meat rations
 d - 2 bread rations
 h - 2 slices of pizza


   Skills:
 + Level 3.7 Fighting
 + Level 3.7 Maces & Flails
 + Level 3.0 Armour
 - Level 1.1 Dodging
 - Level 1.3 Spellcasting
 - Level 2.0 Charms


You had 4 spell levels left.
You knew the following spells:

 Your Spells              Type           Power        Failure   Level  Hunger
a - Infusion              Chrm           #...         100%        1    ##.....


Dungeon Overview and Level Annotations

Branches:
Dungeon (3/15)

Altars:

Annotations:
D:3 Wardy2's ghost, weakling DsGl


Innate Abilities, Weirdness & Mutations

You reflexively headbutt those who attack you in melee.
You have a pair of horns on your head.


Message History

Wardy2's ghost barely misses you.
You closely miss Wardy2's ghost.
Wardy2's ghost is lightly damaged.
Wardy2's ghost hits you.
* * * LOW HITPOINT WARNING * * *
You closely miss Wardy2's ghost.
Wardy2's ghost is lightly damaged.
Wardy2's ghost hits you.
* * * LOW HITPOINT WARNING * * *
Wardy2's ghost barely misses you.
You barely miss Wardy2's ghost.
Wardy2's ghost is lightly damaged.
You feel sick. Wardy2's ghost hits you!
* * * LOW HITPOINT WARNING * * *
You feel sick.
You feel sick.
You are no longer poisoned.
There is a stone staircase leading up here.
Wardy2's ghost hits you!
You die...

### #.#... #.##..
#.##.##.#
#@##.##.#
#W##.##.#
#.##.##.####
#.##.##....#
##.##.##....######
#................#
##.##..........###
#.................
#.###.#####.######


You could see Wardy2's ghost.

Vanquished Creatures
  2 adders
  2 oozes (D:1)
  A dart slug (D:1)
  A giant gecko (D:1)
  An orc (D:3)
  2 giant cockroaches (D:1)
  2 goblins
  4 hobgoblins
  9 jackals
  A quokka (D:2)
  A ball python (D:2)
  6 bats
  2 giant newts
  11 kobolds (D:1)
  10 rats
55 creatures vanquished.

Vanquished Creatures (others)
  2 plants (D:1)
2 creatures vanquished.

Grand Total: 57 creatures vanquished

Notes
Turn   | Place    | Note
--------------------------------------------------------------
     0 | D:1      | Kloppie the Minotaur Skald began the quest for the Orb.
     0 | D:1      | Reached XP level 1. HP: 18/18 MP: 1/1
   252 | D:1      | Reached XP level 2. HP: 14/25 MP: 3/3
   690 | D:1      | Reached XP level 3. HP: 31/31 MP: 4/4
  1721 | D:2      | Reached XP level 4. HP: 34/38 MP: 5/5
  2137 | D:3      | Noticed Wardy2's ghost (weakling DsGl)
  2188 | D:3      | Slain by Wardy2's ghost

Skill      XL: |  1  2  3  4 |
---------------+-------------+-----
Fighting       | 3 |  3.7
Maces & Flails | 3 |  3.7
Armour         | 2 3 |  3.0
Dodging        | |  1.1
Spellcasting   | |  1.3
Charms         | |  2.0

Action                   |  1- 3 |  4- 6 || total
-------------------------+-------+-------++-------
Melee: Mace              |   125 |    32 ||   157
       Headbutt          |    13 |     4 ||    17
  Use: Potion            |     1 |       ||     1
  Eat: Chunk             |     3 |     1 ||     4
Armor: Leather armour    |    13 |       ||    13
       Chain mail        |    70 |    21 ||    91
Dodge: Dodged            |    80 |    12 ||    92
